 Dungeon Crawl Stone Soup version 0.18-a0-142-gfdd910a (webtiles) character file.

126 McCoppin the Chiller (level 5, 0/52 HPs)
             Began as a Merfolk Ice Elementalist on Nov 22, 2015.
             Killed by divine providence
             ... invoked by an orc priest
              (14 damage)
             ... on level 3 of the Dungeon on Nov 23, 2015.
             The game lasted 00:11:48 (2290 turns).

McCoppin the Chiller (Merfolk Ice Elementalist)     Turns: 2290, Time: 00:11:48

Health: 0/52       AC: 22    Str:  9    XL:     5   Next: 9%
Magic:  1/8        EV:  2    Int: 14    God:
Gold:   183        SH:  0    Dex: 15    Spells: 3 memorised, 2 levels left

rFire  . . .     SeeInvis .     c - +0 spear
rCold  . . .     Clarity  .     (armour currently unavailable)
rNeg   + + +     SustAt   .     (no shield)
rPois  +         Gourm    .     (helmet currently unavailable)
rElec  .         Spirit   .     (cloak currently unavailable)
rCorr  .         Warding  .     (gloves currently unavailable)
rMut   .         NoTele   +     (boots currently unavailable)
MR     .....                    (no amulet)
Stlth  +++.......               (no ring)
                                (no ring)

@: tree-form, hasted, very quick, not resistant to hostile enchantments, fairly
stealthy
A: (change form in water), (swift swim)
a: no special abilities


You were on level 3 of the Dungeon.
You were hungry.
You were a tree.
You visited 1 branch of the dungeon, and saw 3 of its levels.

You collected 183 gold pieces.

Inventory:

Hand Weapons
 c - a +0 spear (weapon)
Missiles
 g - 53 poisoned needles
Armour
 a - a +0 robe (melded)
 d - a +2 cloak (melded)
 e - a +0 pair of gloves (melded)
Jewellery
 f - an uncursed ring of fire
Scrolls
 l - 2 scrolls of fog
 o - 2 scrolls of blinking {unknown}
Potions
 h - a potion of flight {unknown}
 k - a potion of resistance {unknown}
 m - a potion of haste
 n - 2 potions of cancellation {unknown}
Books
 b - a book of Frost

   Spells                             Type                      Level
   a - Freeze                         Ice                          1
   b - Throw Frost                    Conjuration/Ice              2
   c - Ozocubu's Armour               Charms/Ice                   3
   d - Throw Icicle                   Conjuration/Ice              4
   e - Summon Ice Beast               Ice/Summoning                4
   f - Condensation Shield            Ice                          4
Comestibles
 j - 3 meat rations
 q - a beef jerky
 r - 6 chunks of flesh
 s - 5 fruits


   Skills:
 + Level 2.2 Polearms
 - Level 2.6 Dodging
 - Level 2.1 Stealth
 - Level 2.0 Spellcasting
 - Level 0.7 Conjurations
 + Level 5.8 Ice Magic


You had 2 spell levels left.
You knew the following spells:

 Your Spells              Type           Power        Failure   Level  Hunger
a - Freeze                Ice            ###.         2%          1    ##.....
b - Throw Frost           Conj/Ice       ##....       12%         2    ###....
c - Ozocubu's Armour      Chrm/Ice       #.......     24%         3    ####...


Dungeon Overview and Level Annotations

Branches:
Dungeon (3/15)

Altars:
Kikubaaqudgha
Qazlal


Message History

The orc priest hits you but does no damage.
You hit the orc priest but do no damage.
The orc priest is moderately wounded.
The orc priest hits you but does no damage.
The orc priest invokes the aid of Beogh against you.
You are unaffected.
You hit the orc priest.
The orc priest is moderately wounded.
The orc priest mumbles some strange prayers to Beogh against you.
Something smites you!
* * * LOW HITPOINT WARNING * * *
The orc priest hits you but does no damage.
You hit the orc priest.
The orc priest is heavily wounded.
The orc priest barely misses you.
Drink which item? (? for menu, Esc to quit)
It was a potion of haste.
You feel yourself speed up.
The orc priest calls down the wrath of Beogh upon you.
Something smites you!
You die...

#.#.##..###...#####
#.#.#.###.[.###......
#.#.#.#####....#.....
#...#..## ####.......
#..###.(# ##).####
.###..# ##.# #.....# #.
..$.#..###.##...##......
#...o.......# ##....
##..o♣.(..### ##..
#...##....# .# #....
#.##....# ...#. #.#
.##.. ## #. #.. .# .. #
###..# # .. #. ..


You could see 2 orc priests.

Vanquished Creatures
  Jessica (D:3)
  3 gnolls (D:2)
  An adder skeleton (D:3)
  2 worms (D:2)
  2 giant geckos (D:2)
  2 orcs (D:3)
  3 goblins
  6 hobgoblins
  4 jackals (D:1)
  4 quokkas
  6 bats
  3 giant cockroaches (D:1)
  5 giant newts
  8 kobolds
  4 rats
54 creatures vanquished.

Notes
Turn   | Place    | Note
--------------------------------------------------------------
     0 | D:1      | McCoppin the Merfolk Ice Elementalist began the quest for the Orb.
     0 | D:1      | Reached XP level 1. HP: 13/13 MP: 3/3
   319 | D:1      | Reached XP level 2. HP: 19/19 MP: 1/5
   398 | D:1      | Reached skill level 4 in Ice Magic
   788 | D:2      | Reached XP level 3. HP: 18/24 MP: 2/6
  1155 | D:2      | Found a stormy altar of Qazlal.
  1272 | D:2      | Reached skill level 5 in Ice Magic
  1333 | D:2      | Reached XP level 4. HP: 6/30 MP: 0/7
  1577 | D:2      | Learned a level 2 spell: Throw Frost
  1581 | D:2      | Learned a level 3 spell: Ozocubu's Armour
  1649 | D:2      | Reached skill level 1 in Polearms
  2084 | D:3      | Found an ancient bone altar of Kikubaaqudgha.
  2262 | D:3      | Noticed Jessica
  2268 | D:3      | Killed Jessica
  2268 | D:3      | Reached XP level 5. HP: 35/35 MP: 1/8
  2290 | D:3      | Killed from afar by an orc priest

Vault maps used:
D:1:      tarquinn_simple_flora_water_f, minmay_misc_feat_rows
D:2:      mrwooster_statue_mirror, nicolae_qazlal_general_emergency
D:3:      nicolae_overflow_hidden_temple, serial_bayou_pond_d, uniq_jessica

Action                   |  1- 3 |  4- 6 || total
-------------------------+-------+-------++-------
Melee: Unarmed           |    81 |       ||    81
       Spear             |       |    84 ||    84
 Cast: Freeze            |    44 |    26 ||    70
       Throw Frost       |       |     4 ||     4
  Use: Scroll            |     1 |     3 ||     4
       Potion            |       |     3 ||     3
 Stab: Sleeping          |     5 |     5 ||    10
  Eat: Bread ration      |     1 |       ||     1
       Chunk             |       |     1 ||     1
